 Dungeon Crawl Stone Soup version 0.31-a0-112-gdf0485fa37 (webtiles) character file.

Game seed: 11659996731895093478

560 avis the Changer (level 7, -8/46 HPs)
             Began as an Octopode Transmuter on May 28, 2023.
             Mangled by a wyvern zombie (10 damage)
             ... in an ossuary.
             The game lasted 00:24:09 (3592 turns).

avis the Changer (Octopode Transmuter)              Turns: 3592, Time: 00:24:09

Health: -8/46      AC:  1    Str: 15    XL:     7   Next: 31%
Magic:  11/11      EV: 14    Int: 15    God:
Gold:   212        SH:  0    Dex: 15    Spells: 2/12 levels left

rFire   . . .        r - staff of poison
rCold   . . .        (no shield)
rNeg    . . .        (helmet currently unavailable)
rPois   +            m - amulet of magic regeneration
rElec   .            a - +6 ring of strength
rCorr   .            g - +4 ring of slaying
SInv    .            (no ring)
Will    .....        (no ring)
Stlth   +++          (no ring)
HPRegen 0.27/turn    (no ring)
MPRegen 0.52/turn    (no ring)
                     (no ring)

%: no passive effects
@: appendages
A: tentacle spike 3, almost no armour, amphibious, 8 rings, camouflage 1,
gelatinous body 1, nimble swimmer 1, tentacles
a: End Transformation


You were in an ossuary.
One of your tentacles had grown a beastly spike.
You visited 2 branches of the dungeon, and saw 5 of its levels.
You also visited: Ossuary.

You collected 212 gold pieces.

Inventory:

Missiles
 o - 4 boomerangs
 q - 5 poisoned darts
Magical Staves
 r - a staff of poison (weapon)
Jewellery
 a - a +6 ring of strength (left tentacle)
 g - a +4 ring of slaying (right tentacle)
 m - an amulet of magic regeneration (around mantle)
Wands
 p - a wand of iceblast (9)
Scrolls
 e - 2 scrolls of butterflies {unknown}
 f - a scroll of amnesia {unknown}
 h - a scroll of enchant weapon {unknown}
 i - 2 scrolls of teleportation {unknown}
 j - a scroll of fear {unknown}
 l - 6 scrolls of identify {unknown}
 s - a scroll of silence {unknown}
Potions
 b - 2 potions of heal wounds {unknown}
 d - a potion of mutation {unknown}
 k - a potion of ambrosia {unknown}
 n - a potion of degeneration {unknown}


   Skills:
 - Level 3.0 Fighting
 - Level 3.0 Dodging
 - Level 3.0 Unarmed Combat
 - Level 3.0 Spellcasting
 * Level 5.8 Transmutations
 - Level 2.0 Ice Magic
 - Level 1.0 Poison Magic


You had 2 spell levels left.
You knew the following spells:

 Your Spells              Type           Power      Damage    Failure   Level
a - Beastly Appendage     Tmut           38%        N/A       1%          1
e - Wereblood             Tmut           19%        N/A       2%          2
p - Spider Form           Tmut/Pois      18%        N/A       16%         3
q - Ice Form              Ice/Tmut       13%        N/A       38%         4

Your spell library contained the following spells:

 Spells                   Type           Power      Damage    Failure   Level
 Passwall                 Tmut/Erth      8%         N/A       10%         2
 Sandblast                Erth           4%         2d4       21%         1
 Shock                    Conj/Air       8%         1d3       21%         1
 Cigotuvi's Dreadful Rot  Necr/Pois/Air  8%         N/A       26%         2
 Ignite Poison            Fire/Tmut/Pois 13%        N/A       24%         3
 Stone Arrow              Conj/Erth      4%         3d7       52%         3
 Swiftness                Air            2%         N/A       52%         3
 Airstrike                Air            1%         2d(1-17)  89%         4
 Freezing Cloud           Conj/Ice/Air   2%         6-21      99%         5


Dungeon Overview and Level Annotations

Branches:
Dungeon (4/15)             Temple (1/1) D:4         Ossuary (1/1)

Altars:
Elyvilon
Fedhas
Nemelex Xobeh
Trog
Vehumet
Jiyva

Shops:
D:2 *


Innate Abilities, Weirdness & Mutations

One of your tentacles has grown a beastly spike.
You cannot wear most types of armour.
You are amphibious.
You can wear up to eight rings at the same time.
Your skin changes colour to match your surroundings (Stealth+).
Your rubbery body absorbs attacks. (AC +1, EV +1)
You are camouflaged when in or above water. (Stealth+)
You have tentacles for arms and can constrict up to eight enemies at once.


Message History

* * * LOW HITPOINT WARNING * * *
The centaur zombie barely misses you.
You hit the bullfrog zombie.
You destroy the bullfrog zombie!
The centaur zombie closely misses you. The centaur zombie kicks you.
* * * LOW HITPOINT WARNING * * *
The centaur zombie hits you.
* * * LOW HITPOINT WARNING * * *
The centaur zombie kicks you but does no damage.
You enter the shallow water.
You feel better.
The centaur zombie closely misses you. x2
You hit the centaur zombie!
The centaur zombie is heavily damaged.
Your tentacle spike disappears.
The centaur zombie hits you. The centaur zombie barely misses you.
The centaur zombie hits you.
* * * LOW HITPOINT WARNING * * *
The centaur zombie closely misses you.
Casting: Beastly Appendage (safe; 1% risk of failure)
Confirm with . or Enter, or press ? or * to list all spells.
One of your tentacles grows a vicious spike.
The centaur zombie closely misses you. The centaur zombie kicks you.
* * * LOW HITPOINT WARNING * * *
You hit the centaur zombie. You squeeze the centaur zombie.
The centaur zombie is almost destroyed.
The centaur zombie barely misses you. x2; The centaur zombie hits you.
* * * LOW HITPOINT WARNING * * *
The centaur zombie closely misses you.
You hit the centaur zombie.
You pierce the centaur zombie.
You destroy the centaur zombie!
The wyvern zombie closely misses you.
You hit the wyvern zombie! You squeeze the wyvern zombie.
The wyvern zombie is moderately damaged.
The wyvern zombie bites you!
* * * LOW HITPOINT WARNING * * *
You hit the wyvern zombie.
You pierce the wyvern zombie.
You squeeze the wyvern zombie!
The wyvern zombie is severely damaged.
The wyvern zombie bites you!
You die...

... '~~##
#...
#~~###
'...≈#
#####.~~#
#∩..#~..#
#.∩.@~#
#...#Z+
##.#####~#
.......~.+
'#'#'#+#+#


You could see a wyvern zombie.

Vanquished Creatures
  A bullfrog zombie (Ossuary)
  A centaur zombie (Ossuary)
  A hound (D:4)
  An iguana (D:4)
  10 mummies (Ossuary)
  An orc wizard (D:3)
  Natasha (thrice) (D:3)
  Terence (D:2)
  A killer bee zombie (Ossuary)
  Robin (D:2)
  2 adders
  A dart slug (D:2)
  6 orcs
  7 endoplasms
  3 giant cockroaches
  7 goblins
  11 hobgoblins
  2 jackals (D:1)
  4 kobolds
  A quokka (D:2)
  4 ball pythons
  4 bats
  4 frilled lizards
  3 rats
80 creatures vanquished.

Notes
Turn   | Place    | Note
-------+----------+-------------------------------------------
     0 | D:1      | avis the Octopode Transmuter began the quest for the Orb.
     0 | D:1      | Reached XP level 1. HP: 13/13 MP: 3/3
   465 | D:1      | Reached XP level 2. HP: 19/19 MP: 3/5
   927 | D:2      | Found Iqoqeatu's General Store.
  1104 | D:1      | Reached XP level 3. HP: 24/24 MP: 4/6
  1157 | D:2      | Found a faded altar of an unknown god.
  1166 | D:2      | Learned a level 2 spell: Wereblood
  1170 | D:2      | Learned a level 3 spell: Spider Form
  1204 | D:2      | Reached skill level 1 in Poison Magic
  1335 | D:2      | Noticed Terence
  1342 | D:2      | Killed Terence
  1343 | D:2      | Reached skill level 3 in Transmutations
  1343 | D:2      | Reached XP level 4. HP: 29/29 MP: 2/7
  1764 | D:2      | Noticed Robin
  1777 | D:2      | Killed Robin
  2183 | D:3      | Reached XP level 5. HP: 14/36 MP: 8/8
  2591 | D:3      | Found a sparkling altar of Nemelex Xobeh.
  2599 | D:3      | Noticed Natasha
  2605 | D:3      | Killed Natasha
  2658 | D:3      | Noticed Natasha
  2690 | D:3      | Killed Natasha
  2691 | D:3      | Reached skill level 4 in Transmutations
  2963 | D:3      | Noticed Natasha
  2968 | D:3      | Killed Natasha
  2969 | D:3      | Reached XP level 6. HP: 22/42 MP: 8/10
  3181 | D:3      | Learned a level 4 spell: Ice Form
  3250 | D:4      | Found a staircase to the Ecumenical Temple.
  3268 | Temple   | Entered the Ecumenical Temple
  3452 | D:4      | Found a white marble altar of Elyvilon.
  3480 | D:4      | Found a sand-covered staircase.
  3489 | Ossuary  | Entered an ossuary
  3519 | Ossuary  | Reached skill level 5 in Transmutations
  3557 | Ossuary  | Reached skill level 1 in Ice Magic
  3567 | Ossuary  | Reached XP level 7. HP: 31/46 MP: 11/11
  3591 | Ossuary  | HP: 2/46 [wyvern zombie (7)]
  3592 | Ossuary  | Mangled by a wyvern zombie

Illustrated notes

Levels and vault maps discovered:
D:1:      kennysheep_arrival_seaside, layout_loops_ring
D:2:      layout_loops_ring, basic_ecumenical_altar, serial_shops, shop,
          uniq_terence, uniq_robin
D:3:      layout_loops_cross, nemelex_dance_club_becter, uniq_natasha
D:4:      layout_basic, mainiacjoe_overflow_brackets,
          minmay_temple_entry_overgrown, enter_ossuary_1, minmay_ruptured
Temple:   pf_slimified_temple
Ossuary:  ossuary_zaba_flooded

Skill      XL: |  1  2  3  4  5  6 |
---------------+-------------------+-----
Fighting       | 2 3 |  3.0
Dodging        | 3 |  3.0
Poison Magic   | 1 |  1.0
Transmutations | 3 4 5 |  5.8
Spellcasting   | 3 |  3.0
Ice Magic      | 2 |  2.0
Unarmed Combat | |  3.0

Action                     |  1- 3 |  4- 6 |  7- 9 || total
---------------------------+-------+-------+-------++-------
  Melee: Unarmed           |    48 |    87 |       ||   135
         Tentacles         |    14 |    12 |     7 ||    33
         Constrict         |     9 |    24 |     3 ||    36
         Kick              |     6 |    23 |     6 ||    35
         Staff             |       |    26 |    16 ||    42
         Punch             |       |     1 |     2 ||     3
   Cast: Beastly Appendage |    20 |    18 |     1 ||    39
         Spider Form       |     2 |    16 |       ||    18
         Wereblood         |       |     1 |       ||     1
    Use: Potion            |     1 |     2 |     1 ||     4
   Stab: Sleeping          |     2 |     5 |       ||     7
 Armour: Skin              |     7 |     3 |     2 ||    12
  Dodge: Dodged            |    47 |    63 |    23 ||   133

Table legend: (Time is in decaauts)
 A = Elapsed time spent in this place.
 B = Non-inter-level travel time spent in this place.
 C = Inter-level travel time spent in this place.
 D = Time resting spent in this place.
 E = Time spent auto-exploring this place.
 F = Levels seen in this place.
 G = Mean time per level.
                   A        B        C        D        E       F      G
               +--------+--------+--------+--------+--------+-----+--------+
         Total |   3606 |   3172 |    434 |    598 |   1590 |   6 |  601.0 |
       Dungeon |   3494 |   3060 |    434 |    576 |   1590 |   4 |  873.5 |
        Temple |      1 |      1 |      0 |      0 |      0 |   1 |    1.0 |
       Ossuary |    110 |    110 |      0 |     22 |      0 |   1 |  110.0 |
               +--------+--------+--------+--------+--------+-----+--------+

Top non-repeatable levels by time:
     D:2: 1252 daAuts
     D:1: 1111 daAuts
     D:3: 985 daAuts
     D:4: 145 daAuts
 Ossuary: 110 daAuts
  Temple: 1 daAuts
